 Dungeon Crawl Stone Soup version 0.22-b1-26-g9dbaab1 (webtiles) character file.

72 Lew the Skirmisher (level 4, -3/35 HPs)
             Began as a Demonspawn Berserker on Aug 7, 2018.
             Was a Believer of Trog.
             Slain by an orc
             ... wielding a cursed -1 falchion
              (5 damage)
             ... on level 3 of the Dungeon.
             The game lasted 00:08:11 (2262 turns).

Lew the Skirmisher (Demonspawn Berserker)           Turns: 2262, Time: 00:08:13

Health: -3/35      AC:  4    Str: 19 (20) XL:     4   Next: 6%
Magic:  4/4        EV: 12    Int:  7 (9)  God:    Trog [**....]
Gold:   85         SH:  0    Dex: 11 (12) Spells: 3/3 levels left

rFire    . . .     SeeInvis .   a - +0 hand axe
rCold    . . .     Gourm    .   (no shield)
rNeg     . . .     Faith    .   b - +0 animal skin
rPois    .         Spirit   .   (helmet restricted)
rElec    .         Reflect  .   (no cloak)
rCorr    .         Harm     .   (no gloves)
MR       .....                  (no boots)
Stlth    ++........             (no amulet)
HPRegen  0.11/turn              (no ring)
MPRegen  0.09/turn              (no ring)

@: no status effects
A: horns 1, talons 1, molten scales 1, strong 1
a: Berserk, Trog's Hand, Renounce Religion


You were on level 3 of the Dungeon.
You worshipped Trog.
Trog was pleased with you.
You were not hungry.

You visited 1 branch of the dungeon, and saw 3 of its levels.

You collected 85 gold pieces.

Inventory:

Hand Weapons
 a - a +0 hand axe (weapon)
Missiles
 f - 2 steel tomahawks (quivered)
Armour
 b - a +0 animal skin (worn)
Scrolls
 d - 4 scrolls of remove curse
 g - 3 scrolls of fog
 j - a scroll of fear
 k - a scroll of enchant armour
Comestibles
 c - 4 rations
 h - 2 chunks of flesh


   Skills:
 * Level 3.5 Fighting
 * Level 3.2 Axes
 + Level 2.0 Armour
 * Level 2.4 Dodging
 * Level 1.4 Stealth


You had 3 spell levels left.
You didn't know any spells.
Your spell library was empty.

Dungeon Overview and Level Annotations

Branches:
Dungeon (3/15)

Altars:


Innate Abilities, Weirdness & Mutations

You have sharp toenails.
You are partially covered in molten scales. (AC +2)
You have a pair of small horns on your head.
Your muscles are strong. (Str +2)


Message History

You hit the orc but do no damage.
The orc is severely wounded.
You hit the orc. You hit the orc wizard. The orc closely misses you. x2
The orc wizard barely misses you. The orc hits you with a falchion.
You barely miss the orc.
The orc is severely wounded.
You closely miss the orc wizard. You barely miss the orc.
You hit the orc but do no damage. The orc hits you with a hand axe.
The orc hits you but does no damage.
The orc wizard hits you but does no damage.
The orc hits you with a falchion.
* * * LOW HITPOINT WARNING * * *
You are too injured to fight recklessly!
You barely miss the orc.
The orc is moderately wounded.
You recover from your berserk rage.
The orc hits you with a hand axe.
* * * LOW HITPOINT WARNING * * *
The orc hits you with a falchion.
You die...

....... .......#.....#.
###.#..####....#.#..##...
.........#....#.........
....... ... ........÷.. #
#........ ..#.#>...÷..
#.##....#.#....#.#..#..)†
.......oo..............#.
#.##...o#####.##.........
.......o@........#.....#.
#.##.#..###########.#..#.
....................)..##
####.##.#####.#####.#...#
... #.#####.#####.#.###
.... ................#
#### ##.#####.#######.#
#.# #.# #.# #.. #.# #.#


You could see 3 orcs.

Vanquished Creatures
  2 adders (D:2)
  2 worms (D:3)
  3 dart slugs
  A leopard gecko (D:2)
  An orc (D:3)
  A ball python (D:3)
  5 bats
  2 giant cockroaches (D:3)
  5 goblins
  4 hobgoblins
  2 kobolds (D:1)
  A quokka (D:2)
  5 frilled lizards
  7 rats
41 creatures vanquished.

Notes
Turn   | Place    | Note
-------+----------+-------------------------------------------
     0 | D:1      | Lew the Demonspawn Berserker began the quest for the Orb.
     0 | D:1      | Reached XP level 1. HP: 18/18 MP: 1/1
   233 | D:1      | Gained mutation: You are partially covered in molten scales. (AC +2) [demonic ancestry]
   233 | D:1      | Reached XP level 2. HP: 22/24 MP: 2/2
   824 | D:1      | You fall through a shaft!
  1514 | D:2      | Reached skill level 1 in Stealth
  1514 | D:2      | Gained mutation: You have sharp toenails. [demonic ancestry]
  1514 | D:2      | Reached XP level 3. HP: 29/29 MP: 3/3
  1574 | D:2      | Reached ** piety under Trog
  2085 | D:3      | Gained mutation: Your muscles are strong. (Str +2) [potion of mutation]
  2085 | D:3      | Gained mutation: You have a pair of small horns on your head. [potion of mutation]
  2212 | D:3      | Reached XP level 4. HP: 22/35 MP: 4/4
  2262 | D:3      | Slain by an orc

Skill      XL: |  1  2  3 |
---------------+----------+-----
Dodging        | 2 |  2.4
Axes           | 3 |  3.2
Stealth        | 1 |  1.4
Armour         | 2 |  2.0
Fighting       | |  3.5

Action                   |  1- 3 |  4- 6 || total
-------------------------+-------+-------++-------
Melee: Hand axe          |   117 |    12 ||   129
       Kick              |    11 |       ||    11
       Headbutt          |     4 |     1 ||     5
Invok: Berserk           |       |     1 ||     1
  Use: Scroll            |     4 |       ||     4
       Potion            |     5 |       ||     5
 Stab: Sleeping          |     4 |       ||     4
  Eat: Chunk             |     4 |     1 ||     5
Armor: Animal skin       |    36 |     4 ||    40
Dodge: Dodged            |    72 |     8 ||    80
